 Dungeon Crawl Stone Soup version 0.22.0-38-g04b72b8 (webtiles) character file.

4533 poirepourri the Cleaver (level 10, 0/92 HPs)
             Began as a Deep Dwarf Fighter on Aug 29, 2018.
             Was an Elder of Makhleb.
             Slain by a two-headed ogre
             ... wielding a +0 giant club
              (16 damage)
             ... on level 9 of the Dungeon.
             The game lasted 00:06:40 (6045 turns).

poirepourri the Cleaver (Deep Dwarf Fighter)        Turns: 6045, Time: 00:06:41

Health: 0/92       AC:  8    Str: 20    XL:     10   Next: 17%
Magic:  8/8        EV: 12    Int:  9    God:    Makhleb [****..]
Gold:   497        SH: 10    Dex: 24    Spells: 9/9 levels left

rFire    + . .     SeeInvis .   a - +1 war axe
rCold    . . .     Gourm    .   c - +0 shield
rNeg     . . .     Faith    .   b - +0 scale mail
rPois    .         Spirit   .   (no helmet)
rElec    .         Reflect  .   q - +0 cloak
rCorr    .         Harm     .   (no gloves)
MR       +....                  (no boots)
Stlth    ++........             (no amulet)
HPRegen  0.00/turn              i - ring of protection from fire
MPRegen  0.11/turn              g - +4 ring of dexterity

@: agile, non-regenerating
A: damage resistance, heal wounds, sense surroundings 2, no regeneration
a: Heal Wounds, Minor Destruction, Lesser Servant of Makhleb, Major Destruction,
Renounce Religion


You were on level 9 of the Dungeon.
You worshipped Makhleb.
Makhleb was greatly pleased with you.
You were not hungry.

You visited 1 branch of the dungeon, and saw 9 of its levels.

You collected 497 gold pieces.

Inventory:

Hand Weapons
 a - a +1 war axe (weapon)
 z - a +0 hand crossbow
Missiles
 e - 130 bolts
 v - 6 tomahawks (quivered)
Armour
 b - a +0 scale mail (worn)
 c - a +0 shield (worn)
 q - a +0 cloak (worn)
Jewellery
 g - a +4 ring of dexterity (right hand)
 i - a ring of protection from fire (left hand)
 p - an uncursed ring of poison resistance
 C - a +2 ring of dexterity
 D - an uncursed ring of fire
 H - a +3 ring of intelligence {unknown}
 I - a cursed -5 ring of strength {unknown}
Wands
 k - a wand of polymorph (16)
 m - a wand of digging (11)
 s - a wand of enslavement (8)
 w - a wand of flame (19)
Scrolls
 d - a scroll of teleportation
 y - a scroll of remove curse
 A - a scroll of fog {unknown}
 E - a scroll of amnesia
 G - a scroll of fear
 J - a scroll of enchant weapon
Potions
 h - 3 potions of curing
 j - a potion of brilliance
 l - a potion of cancellation
 n - 2 potions of magic
 o - a potion of berserk rage {unknown}
 r - a potion of flight
 t - 3 potions of ambrosia {unknown}
 u - 4 potions of degeneration {unknown}
Comestibles
 f - 14 rations


   Skills:
 + Level 6.4 Fighting
 - Level 14.2 Axes
 - Level 3.2 Armour
 - Level 3.2 Shields


You had 9 spell levels left.
You didn't know any spells.
Your spell library contained the following spells:

 Spells                   Type           Power        Failure   Level  Hunger
 Corona                   Hex            #......      99%         1    ##.....
 Magic Dart               Conj           #...         99%         1    ##.....
 Shock                    Conj/Air       #...         99%         1    ##.....
 Summon Small Mammal      Summ           #...         99%         1    ##.....
 Call Imp                 Summ           #.......     100%        2    ###....
 Ensorcelled Hibernation  Hex/Ice        #.....       100%        2    ###....
 Searing Ray              Conj           #.....       100%        2    ###....
 Swiftness                Chrm/Air       #.......     100%        2    ###....
 Call Canine Familiar     Summ           #.......     100%        3    ####...
 Confuse                  Hex            #.......     100%        3    ####...
 Dazzling Spray           Conj/Hex       #.....       100%        3    ####...
 Static Discharge         Conj/Air       #.......     100%        3    ####...
 Summon Guardian Golem    Hex/Summ       #.......     100%        3    ####...
 Tukima's Dance           Hex            #.......     100%        3    ####...
 Airstrike                Air            #.........   100%        4    #####..
 Force Lance              Conj/Tloc      #.......     100%        4    #####..
 Fulminant Prism          Conj/Hex       #.........   100%        4    #####..
 Iskenderun's Mystic Bla  Conj           #.......     100%        4    #####..
 Summon Ice Beast         Ice/Summ       #.......     100%        4    #####..
 Summon Lightning Spire   Summ/Air       #.......     100%        4    #####..
 Lightning Bolt           Conj/Air       #.........   100%        5    ######.


Dungeon Overview and Level Annotations

Branches:
Dungeon (9/15)             Temple (0/1) D:7
   Lair: D:8-11         Orc: D:9-12

Altars:
Dithmenos
Makhleb
Qazlal
Ru
Uskayaw
Xom

Shops:
D:8 %

Annotations:
D:5 Prince Ribbit
D:8 1 runed door, Curus's ghost, novice HOAK
D:9 Erolcha


Innate Abilities, Weirdness & Mutations

You are resistant to damage.
You can heal yourself by infusing magical energy.
You passively map the area around you.
You do not regenerate.


Message History

The two-headed ogre is heavily wounded.
You hit Erolcha. You slash the howler monkey!
You kill the howler monkey!
Makhleb accepts your kill.
You slash the howler monkey!
The howler monkey hits you but does no damage.
You block the two-headed ogre's attack.
The two-headed ogre hits you with a giant spiked club!
You hit the two-headed ogre.
The two-headed ogre is severely wounded.
Your shield and scale mail prevent you from hitting Erolcha.
Your shield prevents you from hitting the howler monkey.
The howler monkey hoots and howls with incredible vigour!
Erolcha gestures at you while chanting. The stone arrow hits you!
* * * LOW HITPOINT WARNING * * *
The two-headed ogre hits you with a giant club!
* * * LOW HITPOINT WARNING * * *
The two-headed ogre hits you with a giant spiked club!!
You die...

,, * *
##.#######......... , , *
#######.# #.)#######
........#######[).......
, , ,,
...............))..†....
* *,,
,........................
,
........................
* ,
,.............:........>.
,
.....TO.................
,, ##@................ *
*#Oh#############.. ,
.......c.# * #.. , ,,
........).. , * , ,,
...........#* ** ,
#########..# * , * *... ,
, , , ,, , , , .... , , ,
, , , ..... ,,,


You could see a two-headed ogre, Erolcha, a troll, a centaur and a howler
monkey.

Vanquished Creatures
  Harold (D:8)
  A queen bee (D:9)
  A hippogriff (D:9)
  The ghost of bli the Insei, an amateur DsMo of Uskayaw (D:4)
  A steam dragon (D:8)
  A hungry ghost (D:8)
  Edmund (D:6)
  Duvessa (D:7)
  An orc warrior (D:9)
  2 phantoms (D:6)
  An ice beast (D:6)
  A centaur (D:5)
  An ogre (D:4)
  A big kobold (D:8)
  3 bullfrogs
  Dowan (D:7)
  2 scorpions
  The ghost of grocchini the Firebug, a weakling OgFE of Sif Muna (D:6)
  15 killer bees (D:9)
  2 howler monkeys (D:9)
  4 crimson imps
  2 jellies
  3 orc priests
  3 hounds
  2 quasits (D:6)
  3 iguanas
  8 orc wizards
  3 worker ants
  2 hound zombies
  A hound skeleton (D:6)
  12 adders
  3 gnolls (D:7)
  An ooze (D:4)
  2 adder skeletons
  5 worms
  A dart slug (D:1)
  4 leopard geckos
  27 orcs
  6 giant cockroaches
  11 hobgoblins
  17 jackals
  A quokka (D:8)
  2 ball pythons
  5 bats
  4 frilled lizards
  8 goblins
  12 kobolds
  8 rats
199 creatures vanquished.

Vanquished Creatures (others)
  4 plants (D:8)
4 creatures vanquished.

Grand Total: 203 creatures vanquished

Notes
Turn   | Place    | Note
-------+----------+-------------------------------------------
     0 | D:1      | poirepourri the Deep Dwarf Fighter began the quest for the Orb.
     0 | D:1      | Reached XP level 1. HP: 20/20 MP: 1/1
   141 | D:1      | Reached skill level 3 in Axes
   153 | D:1      | Reached XP level 2. HP: 25/27 MP: 2/2
   642 | D:1      | Reached XP level 3. HP: 24/33 MP: 3/3
   857 | D:2      | Reached skill level 4 in Axes
   997 | D:2      | Found a burning altar of Makhleb.
  1004 | D:2      | Reached skill level 5 in Axes
  1004 | D:2      | Reached XP level 4. HP: 24/40 MP: 4/4
  1010 | D:2      | Became a worshipper of Makhleb the Destroyer
  1308 | D:2      | Reached XP level 5. HP: 41/46 MP: 5/5
  1517 | D:3      | Found a stormy altar of Qazlal.
  1543 | D:3      | Reached * piety under Makhleb
  1591 | D:3      | Reached skill level 6 in Axes
  1725 | D:3      | Found a faded altar of an unknown god.
  2096 | D:4      | Reached skill level 7 in Axes
  2096 | D:4      | Reached XP level 6. HP: 36/55 MP: 6/6
  2260 | D:4      | Found a runed door.
  2263 | D:4      | Noticed bli's ghost (amateur DsMo)
  2282 | D:4      | Reached skill level 8 in Axes
  2293 | D:4      | Killed bli's ghost
  2293 | D:4      | Reached XP level 7. HP: 30/61 MP: 7/7
  2353 | D:4      | Reached skill level 9 in Axes
  2440 | D:4      | Reached ** piety under Makhleb
  2670 | D:5      | Entered Level 5 of the Dungeon
  3154 | D:5      | Noticed Prince Ribbit
  3580 | D:6      | Reached skill level 10 in Axes
  3620 | D:6      | Reached XP level 8. HP: 64/68 MP: 6/6
  3640 | D:6      | Noticed Edmund
  3651 | D:6      | Killed Edmund
  3713 | D:6      | Found a sacrificial altar of Ru.
  3740 | D:6      | Found a transporter.
  3762 | D:6      | Found a transporter.
  3775 | D:6      | Reached skill level 11 in Axes
  3777 | D:6      | Noticed grocchini's ghost (weakling OgFE)
  3851 | D:6      | Found a shadowy altar of Dithmenos.
  4188 | D:6      | Killed grocchini's ghost
  4346 | D:7      | Found a hide-covered altar of Uskayaw.
  4355 | D:7      | Noticed a hand axe
  4355 | D:7      | Noticed a hand axe
  4357 | D:7      | Reached skill level 12 in Axes
  4396 | D:7      | Found a staircase to the Ecumenical Temple.
  4459 | D:7      | Noticed Duvessa
  4459 | D:7      | Noticed Dowan
  4468 | D:7      | Killed Duvessa
  4474 | D:7      | Killed Dowan
  4768 | D:8      | Noticed Harold
  4780 | D:8      | HP: 3/68 [Harold/halberd (14)]
  4792 | D:8      | Killed Harold
  4792 | D:8      | Reached skill level 13 in Axes
  4792 | D:8      | Gained mutation: You passively map the area around you. [Deep Dwarf growth]
  4792 | D:8      | Reached XP level 9. HP: 19/74 MP: 7/7
  4891 | D:8      | Reached *** piety under Makhleb
  5044 | D:8      | Found Pouczai's Food Emporium.
  5052 | D:8      | Found a shimmering altar of Xom.
  5127 | D:8      | Found a runed door.
  5139 | D:8      | Reached skill level 14 in Axes
  5143 | D:8      | Noticed Curus's ghost (novice HOAK)
  5271 | D:8      | Found a sacrificial altar of Ru.
  5904 | D:9      | Noticed a queen bee
  5909 | D:9      | Reached skill level 5 in Fighting
  5917 | D:9      | Killed a queen bee
  5917 | D:9      | Reached XP level 10. HP: 64/88 MP: 8/8
  5985 | D:9      | Reached **** piety under Makhleb
  6030 | D:9      | Noticed a two-headed ogre
  6038 | D:9      | Noticed Erolcha
  6045 | D:9      | Slain by a two-headed ogre

Skill      XL: |  1  2  3  4  5  6  7  8  9 10 |
---------------+-------------------------------+-----
Axes           | 3 5 7 8 10 13 14 | 14.2
Fighting       | 5 6 |  6.4
Armour         | |  3.2
Shields        | |  3.2

Action                   |  1- 3 |  4- 6 |  7- 9 | 10-12 || total
-------------------------+-------+-------+-------+-------++-------
Melee: War axe           |   122 |   175 |   417 |    40 ||   754
Throw: Tomahawk          |       |       |     1 |       ||     1
 Abil: Heal Wounds       |       |     2 |     9 |     3 ||    14
  Use: Scroll            |     3 |     5 |     8 |       ||    16
       Potion            |       |     1 |     6 |     1 ||     8
  Eat: Ration            |     1 |     1 |     5 |       ||     7
Armor: Scale mail        |    60 |    77 |   178 |    20 ||   335
Dodge: Dodged            |    43 |    43 |   118 |    18 ||   222
Block: Shield            |    49 |    90 |   206 |    33 ||   378
